 Dungeon Crawl Stone Soup version 0.23.2-1-ga50397a (webtiles) character file.

Game seed: 9667383753035283198

83751 IBeShadow the Severer (level 15, -3/225 HPs)
             Began as a Minotaur Berserker on May 12, 2019.
             Was an Elder of Trog.
             Slain by an orc warrior
             ... wielding a +0 trident
              (23 damage)
             ... while paralysed by an orc sorcerer
             ... on level 1 of the Orcish Mines on May 13, 2019.
             The game lasted 00:57:37 (28736 turns).

IBeShadow the Severer (Minotaur Berserker)         Turns: 28736, Time: 00:57:37

Health: -3/225     AC: 13    Str: 37    XL:     15   Next: 33%
Magic:  0/20       EV:  2    Int:  4    God:    Trog [****..]
Gold:   1352       SH:  0    Dex: 10    Spells: 14/14 levels left

rFire    + . .     SeeInvis .   T - +0 battleaxe
rCold    + + .     Gourm    .   (shield currently unavailable)
rNeg     + . .     Faith    .   v - +5 scale mail "Setitt" {rN+}
rPois    +         Spirit   +   (helmet restricted)
rElec    .         Reflect  .   m - scarf {rC+ rF+}
rCorr    +         Harm     .   (no gloves)
MR       +....                  a - +1 pair of boots of Kikubaaqudgha's Hatred {rPois rC+ Stlth-}
Stlth    ..........             f - amulet of guardian spirit
HPRegen  0.47/turn              r - +4 ring of strength
MPRegen  0.17/turn              L - ring of resist corrosion

@: paralysed, berserking (expiring)
A: retaliatory headbutt, horns 2
a: Berserk, Trog's Hand, Brothers in Arms, Renounce Religion


You were on level 1 of the Orcish Mines.
You worshipped Trog.
Trog was greatly pleased with you.
You were not hungry.

You visited 4 branches of the dungeon, and saw 22 of its levels.
You also visited: Bailey.

You collected 1352 gold pieces.

Inventory:

Hand Weapons
 F - a +0 hand crossbow
 T - a +0 battleaxe (weapon)
Missiles
 e - 290 bolts
Armour
 a - the +1 pair of boots of Kikubaaqudgha's Hatred (worn) {rPois rC+ Stlth-}
   (You acquired it on level 5 of the Lair of Beasts)

   It protects you from cold.
   It protects you from poison.
   It makes you less stealthy.
 m - a scarf of resistance (worn)
 n - a +0 crystal plate armour
 v - the +5 scale mail "Setitt" (worn) {rN+}
   (You found it on level 6 of the Dungeon)

   It protects you from negative energy.
Jewellery
 f - an amulet of guardian spirit (around neck)
 r - a +4 ring of strength (left hand)
 L - a ring of resist corrosion (right hand)
Wands
 o - a wand of clouds (11)
 t - a wand of random effects (47)
 A - a wand of iceblast (32)
 K - a wand of paralysis (11)
 P - a wand of scattershot (2)
 R - a wand of acid (12)
 W - a wand of polymorph (5)
 Y - a wand of flame (16)
Scrolls
 b - 3 scrolls of enchant armour
 d - 2 scrolls of identify
 g - 2 scrolls of immolation
 j - 4 scrolls of fog
 q - 3 scrolls of brand weapon
 u - 7 scrolls of remove curse
 y - 4 scrolls of teleportation
 B - 5 scrolls of enchant weapon
 E - 3 scrolls of magic mapping
 I - a scroll of blinking
 N - 3 scrolls of fear
 O - a scroll of silence
 Q - a scroll of vulnerability
Potions
 h - 8 potions of curing
 i - 4 potions of agility
 k - a potion of lignification
 l - 5 potions of degeneration
 p - 2 potions of resistance
 s - a potion of berserk rage
 w - 2 potions of mutation
 z - 4 potions of brilliance
 D - a potion of might
 U - a potion of flight
 V - a potion of heal wounds
 X - 2 potions of haste
Miscellaneous
 x - a phial of floods
 G - a fan of gales
 J - a box of beasts
Comestibles
 c - 26 rations


   Skills:
 * Level 18.3 Fighting
 * Level 18.3 Axes
 + Level 10.8 Crossbows
 - Level 2.4 Armour
 - Level 2.1 Dodging
 + Level 9.1 Evocations


You had 14 spell levels left.
You didn't know any spells.
Your spell library was empty.

Dungeon Overview and Level Annotations

Branches:
Dungeon (14/15)            Temple (1/1) D:5            Lair (6/6) D:9
  Swamp (0/4) Lair:4       Spider (0/4) Lair:4        Slime (0/5) Lair:5
    Orc (1/2) D:12         Vaults (0/5) D:14

Altars:
Ashenzari
Cheibriados
Dithmenos
Elyvilon
Fedhas
Gozag
Hepliaklqana
Kikubaaqudgha
Makhleb
Nemelex Xobeh
Okawaru
Qazlal
Ru
Sif Muna
Trog
Uskayaw
Vehumet
Wu Jian
Xom
Yredelemnul
Zin
The Shining One

Shops:
D:8 *   D:11 :?(

Annotations:
Lair:2 exclusion: 3 oklob plants
Orc:1 Jorgrun, Snorg


Innate Abilities, Weirdness & Mutations

You reflexively headbutt those who attack you in melee.
You have a pair of horns on your head.


Message History

* * * LOW HITPOINT WARNING * * *
The orc warrior hits you with a +0 trident.
* * * LOW HITPOINT WARNING * * *
The ogre hits you with a +0 giant club!
* * * LOW HITPOINT WARNING * * *
The orc hits you but does no damage. x2
Snorg bites you.
* * * LOW HITPOINT WARNING * * *
Snorg claws you!
* * * LOW HITPOINT WARNING * * *
Snorg claws you but does no damage.
The orc priest looks braver for a moment.
The orc knight hits you with a +0 great sword.
* * * LOW HITPOINT WARNING * * *
The orc hits you with a +0 flail.
* * * LOW HITPOINT WARNING * * *
The orc warrior hits you with a +0 war axe!
* * * LOW HITPOINT WARNING * * *
The orc warrior hits you with a +0 trident!!
You die...

... ........ ..
#...... $##.....
. ##......# ..
#.....#.##...
..##......$.....
.........o..#
.......ooT..#
......oo@o.#....
......ooOo......
...>.....oo.o...
.........#..o...
............g...
.....O..........
.....$..........
.......#.......


You could see Jorgrun, Snorg (berserk), an orc knight, an orc sorcerer, 4 orc
warriors, 2 ogres, 2 orc priests and 5 orcs.

Vanquished Creatures
  The ghost of Hofau the Fighter, a journeyman GrBe of Trog (Lair:5)
  A dire elephant (Lair:4)
  The ghost of Zimaveycw the Spear-Bearer, a journeyman OpFi of Cheibriados (Lair:5)
  4 hydras
  3 catoblepae (Lair:6)
  4 two-headed ogres
  A dancing weapon (D:13)
  A centaur warrior (D:14)
  A death knight (D:13)
  A tengu warrior (D:14)
  6 death yaks (Lair:6)
  Nergalle (Lair:2)
  2 unseen horrors
  4 skeletal warriors (D:12)
  An orc knight (D:14)
  2 ugly things
  An orb spider (Lair:4)
  4 cyclopes
  3 manticores
  2 deep elf magi
  12 elephants
  An eye of devastation (Lair:5)
  2 black mambas
  10 spiny frogs
  3 rime drakes
  7 komodo dragons
  An efreet (D:14)
  A polar bear (Lair:5)
  A tengu conjurer (D:14)
  A troll (D:9)
  Prince Ribbit (D:6)
  Grinder (D:3)
  3 blink frogs (Lair:3)
  4 hippogriffs
  2 slime creatures (D:14)
  37 yaks
  4 wraiths
  6 wyverns
  2 basilisks (Lair:6)
  Eustachio (D:6)
  2 hungry ghosts
  A vampire mosquito (D:14)
  4 wargs
  5 insubstantial wisps (Lair:4)
  14 water moccasins
  An acid dragon (D:14)
  A soldier ant (D:11)
  5 porcupines
  4 black bears
  7 sky beasts
  14 orc warriors
  2 ice beasts
  11 ogres
  An eye of draining (Lair:5)
  6 phantoms
  4 necrophages
  9 wolves (Lair:5)
  14 centaurs
  12 crocodiles
  3 big kobolds
  13 bullfrogs
  2 scorpions (D:8)
  4 killer bees (D:12)
  A howler monkey (D:5)
  6 wights
  2 electric eels
  5 crimson imps
  A bullfrog zombie (D:13)
  3 quasits
  8 hounds
  A jelly (D:11)
  18 orc wizards
  5 orc priests
  7 centaur skeletons
  4 iguanas
  9 worker ants
  A hound skeleton (D:5)
  A howler monkey zombie (D:7)
  5 worker ant zombies
  7 gnolls
  19 adders
  2 shadow imps
  3 worms
  4 dart slugs
  3 leopard geckos
  77 orcs
  4 giant cockroaches
  17 goblins
  4 hobgoblins
  6 jackals
  23 kobolds
  10 quokkas
  3 bats
  10 frilled lizards
  A jackal skeleton (D:7)
  A leopard gecko zombie (D:7)
  2 quokka skeletons
  A quokka zombie (D:2)
  4 rats
  4 fungi
  3 plants
568 creatures vanquished.

Vanquished Creatures (collateral kills)
  A two-headed ogre (D:8)
  A dancing weapon (D:14)
  A centaur warrior (D:14)
  A death yak (Lair:6)
  Urug (Lair:2)
  2 elephants (Lair:3)
  A rime drake (Lair:6)
  A blink frog (Lair:3)
  2 yaks (Lair:6)
  2 necrophages (Lair:3)
13 creatures vanquished.

Vanquished Creatures (others)
  A yak (Lair:6)
  A wyvern (D:13)
  A bullfrog (D:13)
  A wight (D:14)
  An orc wizard (D:12)
  A worker ant (D:13)
  An orc (D:12)
  4 fungi
  A plant (Lair:2)
12 creatures vanquished.

Grand Total: 593 creatures vanquished

Notes
Turn   | Place    | Note
-------+----------+-------------------------------------------
     0 | D:1      | IBeShadow the Minotaur Berserker began the quest for the
                  | Orb.
     0 | D:1      | Reached XP level 1. HP: 19/19 MP: 0/0
   132 | D:1      | Reached XP level 2. HP: 27/27 MP: 1/1
   778 | D:2      | Reached XP level 3. HP: 34/34 MP: 2/2
   850 | D:2      | Noticed an ogre
   857 | D:2      | Reached ** piety under Trog
   862 | D:2      | Killed an ogre
   862 | D:2      | Reached skill level 5 in Fighting
   862 | D:2      | Reached skill level 5 in Axes
   862 | D:2      | Reached XP level 4. HP: 10/42 MP: 3/3
  1156 | D:2      | Reached XP level 5. HP: 48/48 MP: 4/4
  1545 | D:2      | Found a bloodstained altar of Trog.
  1747 | D:3      | Noticed Grinder
  1773 | D:3      | Paralysed by Grinder for 5 turns
  1778 | D:3      | Killed Grinder
  1778 | D:3      | Reached XP level 6. HP: 28/58 MP: 5/5
  1988 | D:3      | Found a hazy altar of Hepliaklqana.
  2891 | D:4      | Reached XP level 7. HP: 58/66 MP: 6/6
  2986 | D:4      | Reached *** piety under Trog
  3489 | D:5      | Entered Level 5 of the Dungeon
  3695 | D:5      | Found a radiant altar of Vehumet.
  3702 | D:5      | Found a white marble altar of Elyvilon.
  3740 | D:5      | Found a burning altar of Makhleb.
  3791 | D:5      | Found a staircase to the Ecumenical Temple.
  3854 | Temple   | Entered the Ecumenical Temple
  4269 | D:5      | Found Mum Wee's Book Shop.
  4538 | D:6      | Noticed Eustachio
  4545 | D:6      | Killed Eustachio
  4545 | D:6      | Reached XP level 8. HP: 73/77 MP: 7/7
  4743 | D:6      | Noticed Prince Ribbit
  4765 | D:6      | Got a polished scale mail
  4785 | D:6      | Identified the +5 scale mail "Setitt" {rN+} (You found it
                  | on level 6 of the Dungeon)
  4911 | D:6      | Reached **** piety under Trog
  5074 | D:6      | Found an iron altar of Okawaru.
  5186 | D:6      | Killed Prince Ribbit
  5188 | D:6      | Reached skill level 10 in Fighting
  5188 | D:6      | Reached skill level 10 in Axes
  5192 | D:6      | Found a shimmering altar of Xom.
  5304 | D:6      | Found a sparkling altar of Nemelex Xobeh.
  5449 | D:7      | Noticed a hippogriff
  5455 | D:7      | Killed a hippogriff
  5659 | D:7      | Found a basalt altar of Yredelemnul.
  5777 | D:7      | Got a pair of transparent boots
  5778 | D:7      | Identified the -3 pair of boots of the Moon {*Contam SInv
                  | Stlth+} (You found it on level 7 of the Dungeon)
  5794 | D:7      | Reached XP level 9. HP: 54/86 MP: 8/8
  6581 | D:8      | Reached skill level 1 in Crossbows
  6581 | D:8      | Reached skill level 1 in Evocations
  6690 | D:8      | Found Tiottako's Assorted Antiques.
  7004 | D:8      | Noticed a two-headed ogre
  7049 | D:8      | Killed a two-headed ogre
  7538 | D:8      | Reached XP level 10. HP: 92/97 MP: 10/10
  7676 | D:9      | Noticed a green ugly thing
  7694 | D:9      | Killed a green ugly thing
  7822 | D:9      | Reached ***** piety under Trog
  7976 | D:9      | Noticed a two-headed ogre
  7985 | D:9      | Killed a two-headed ogre
  8078 | D:9      | Found a shimmering altar of Xom.
  8111 | D:9      | Found a shimmering altar of Xom.
  8112 | D:9      | Found a shimmering altar of Xom.
  8113 | D:9      | Found a shimmering altar of Xom.
  8113 | D:9      | Found a shimmering altar of Xom.
  8234 | D:9      | Found a staircase to the Lair.
  8281 | D:9      | Found a flagged portal.
  8289 | Bailey   | Entered a bailey
  9978 | D:9      | Reached skill level 5 in Crossbows
  9978 | D:9      | Reached XP level 11. HP: 107/107 MP: 13/13
 10123 | D:9      | Received a gift from Trog
 10147 | D:9      | Found a shadowy altar of Dithmenos.
 10158 | D:9      | Got a shimmering trident
 10159 | D:9      | Identified the cursed +1 trident of Dissent {speed, *Noise
                  | rF++ MR+++ Int+4} (You found it on level 9 of the Dungeon)
 10258 | D:9      | Found an ornate altar of the Wu Jian Council.
 11072 | D:10     | Entered Level 10 of the Dungeon
 11123 | D:10     | Noticed a two-headed ogre
 11131 | D:10     | Killed a two-headed ogre
 11506 | D:10     | Reached skill level 5 in Evocations
 11933 | Lair:1   | Entered Level 1 of the Lair of Beasts
 12346 | Lair:1   | You fall through a shaft!
 12727 | Lair:2   | Noticed Nergalle
 12748 | Lair:2   | Killed Nergalle
 12871 | Lair:2   | Noticed Urug
 12886 | Lair:2   | Killed Urug
 12945 | Lair:2   | Noticed an oklob plant
 14310 | Lair:2   | Reached XP level 12. HP: 110/118 MP: 15/15
 15273 | Lair:3   | Noticed a five-headed hydra
 15599 | Lair:3   | Received a gift from Trog
 15600 | Lair:3   | Reached skill level 15 in Fighting
 15607 | Lair:3   | Reached skill level 15 in Axes
 16278 | Lair:3   | Killed a five-headed hydra
 16877 | Lair:3   | Identified 2 scrolls of acquirement
 16932 | Lair:4   | Found a hole to the Spider Nest.
 17773 | Lair:4   | Found a staircase to the Swamp.
 18427 | Lair:4   | Noticed a dire elephant
 18436 | Lair:4   | Killed a dire elephant
 18574 | Lair:5   | Got an iridescent glaive
 18575 | Lair:5   | Identified the +8 glaive "Luwok" {chop, *Corrode rC+ MR++}
                  | (You found it on level 5 of the Lair of Beasts)
 19027 | Lair:5   | Got a pair of ichor-stained boots
 19033 | Lair:5   | Identified the +1 pair of boots of Kikubaaqudgha's Hatred
                  | {rPois rC+ Stlth-} (You acquired it on level 5 of the Lair
                  | of Beasts)
 19146 | Lair:5   | Reached XP level 13. HP: 107/128 MP: 13/17
 19157 | Lair:5   | Found a runed translucent gate.
 19157 | Lair:5   | Found a runed translucent gate.
 19160 | Lair:5   | Found a runed translucent gate.
 19161 | Lair:5   | Noticed Zimaveycw's ghost (journeyman OpFi)
 19161 | Lair:5   | Noticed Hofau's ghost (journeyman GrBe)
 19185 | Lair:5   | Found a staircase to the Slime Pits.
 20093 | Lair:6   | Entered Level 6 of the Lair of Beasts
 20777 | Lair:6   | Reached XP level 14. HP: 123/138 MP: 18/18
 22419 | Lair:6   | Received a gift from Trog
 23272 | Lair:6   | Reached skill level 10 in Crossbows
 24160 | D:11     | Found Tuddulet's Book Boutique.
 24209 | D:11     | Found Vintatuf's Magic Scroll Emporium.
 24236 | D:11     | Found Uqon's Weapon Boutique.
 24872 | D:12     | Received a gift from Trog
 25136 | D:12     | Found a staircase to the Orcish Mines.
 25791 | D:13     | Reached XP level 15. HP: 149/149 MP: 20/20
 26413 | D:14     | Found a white marble altar of Elyvilon.
 27339 | D:14     | Found a gate to the Vaults.
 28453 | Lair:5   | Killed Zimaveycw's ghost
 28458 | Lair:5   | Killed Hofau's ghost
 28720 | Orc:1    | Entered Level 1 of the Orcish Mines
 28727 | Orc:1    | Noticed Snorg
 28730 | Orc:1    | Received a gift from Trog
 28730 | Orc:1    | Paralysed by an orc sorcerer for 6 turns
 28733 | Orc:1    | Noticed Jorgrun
 28736 | Orc:1    | Slain by an orc warrior

Skill      XL: |  1  2  3  4  5  6  7  8  9 10 11 12 13 14 15 |
---------------+----------------------------------------------+-----
Fighting       | 4 5 6 7 8 10 11 13 14 15 16 17 18 | 18.3
Axes           | 4 5 6 7 8 10 11 13 14 15 16 17 18 | 18.3
Crossbows      | 3 5 6 8 9 10 | 10.8
Evocations     | 2 4 5 6 7 8 9 |  9.1
Armour         | |  2.4
Dodging        | |  2.1

Action                   |  1- 3 |  4- 6 |  7- 9 | 10-12 | 13-15 || total
-------------------------+-------+-------+-------+-------+-------++-------
Melee: Hand axe          |    71 |    92 |       |       |       ||   163
       Headbutt          |     7 |    13 |    49 |   135 |   123 ||   327
       War axe           |       |     4 |   275 |   378 |       ||   657
       Battleaxe         |       |       |       |   195 |   482 ||   677
 Fire: Hand crossbow     |       |       |       |   112 |    14 ||   126
Invok: Berserk           |     1 |     2 |     2 |    11 |    11 ||    27
       Trog's Hand       |       |     1 |       |     2 |       ||     3
       Brothers in Arms  |       |       |     1 |     7 |     7 ||    15
Evoke: Wand              |       |       |       |     2 |     2 ||     4
  Use: Scroll            |       |     7 |     4 |    12 |    12 ||    35
       Potion            |       |     2 |       |     2 |     2 ||     6
 Stab: Distracted        |       |       |       |     1 |     1 ||     2
  Eat: Chunk             |       |    10 |    16 |    35 |    33 ||    94
       Ration            |       |       |       |     5 |     4 ||     9
Armor: Animal skin       |     2 |       |       |       |       ||     2
       Ring mail         |    18 |    31 |    17 |       |       ||    66
       Chain mail        |       |       |    10 |       |       ||    10
       Scale mail        |       |       |   104 |   225 |   240 ||   569
Dodge: Dodged            |    38 |    50 |   172 |   306 |   223 ||   789
